 Dungeon Crawl Stone Soup version 0.23-a0-208-gb6b040f (webtiles) character file.

84 FrankyJ the Digger (level 4, -5/28 HPs)
             Began as a Gargoyle Earth Elementalist on Sept 24, 2018.
             Killed from afar by an orc wizard (8 damage)
             ... with a magic dart
             ... on level 2 of the Dungeon on Sept 25, 2018.
             The game lasted 00:06:40 (2135 turns).

FrankyJ the Digger (Gargoyle Earth Elementalist)    Turns: 2135, Time: 00:06:41

Health: -5/28      AC:  9    Str: 13    XL:     4   Next: 45%
Magic:  6/7        EV: 11    Int: 15    God:
Gold:   50         SH:  0    Dex: 10    Spells: 1/7 levels left

rFire    . . .     SeeInvis .   l - +0 trident
rCold    . . .     Gourm    .   (no shield)
rNeg     + . .     Faith    .   m - +0 leather armour
rPois    ∞         Spirit   .   h - +0 helmet
rElec    +         Reflect  .   i - +0 cloak
rCorr    .         Harm     .   o - +0 pair of gloves (curse)
MR       .....                  (no boots)
Stlth    ++........             (no amulet)
HPRegen  0.09/turn              (no ring)
MPRegen  0.10/turn              (no ring)

@: hasted, very quick
A: negative energy resistance 1, electricity resistance, unbreathing,
petrification resistance, rot immunity, AC +3
a: no special abilities


You were on level 2 of the Dungeon.
You were hungry.

You visited 1 branch of the dungeon, and saw 3 of its levels.

You collected 50 gold pieces.

Inventory:

Hand Weapons
 e - a +0 hand axe
 l - a +0 trident (weapon)
Missiles
 b - 86 stones (quivered)
Armour
 h - a +0 helmet (worn)
 i - a +0 cloak (worn)
 m - a +0 leather armour (worn)
 o - a cursed +0 pair of gloves (worn)
Magical Staves
 q - an uncursed staff of summoning
Scrolls
 a - a scroll of remove curse {unknown}
 f - 2 scrolls of blinking {unknown}
 j - a scroll of fog {unknown}
 k - 2 scrolls of identify {unknown}
Potions
 p - a potion of curing {unknown}
Comestibles
 d - 3 rations


   Skills:
 + Level 3.6 Fighting
 - Level 2.0 Dodging
 - Level 2.1 Stealth
 - Level 2.0 Spellcasting
 - Level 0.7 Transmutations
 - Level 4.1 Earth Magic


You had one spell level left.
You knew the following spells:

 Your Spells              Type           Power        Failure   Level  Hunger
a - Sandblast             Erth           ##....       5%          1    #......
b - Passwall              Tmut/Erth      #.......     16%         2    ###....
c - Stone Arrow           Conj/Erth      #.....       36%         3    ###....

Your spell library contained the following spells:

 Spells                   Type           Power        Failure   Level  Hunger
 Petrify                  Tmut/Erth      #.......     71%         4    #####..
 Lee's Rapid Deconstruct  Erth           ##........   82%         5    ######.


Dungeon Overview and Level Annotations

Branches:
Dungeon (3/15)

Altars:
Ashenzari
Xom


Innate Abilities, Weirdness & Mutations

You are resistant to torment.
Your stone body is resilient. (AC +3)
You are immune to poison.
You resist negative energy. (rN+)
You are resistant to electric shocks. (rElec)
You can survive without breathing.
You are immune to petrification.
You are immune to rotting.


Message History

Casting: Sandblast (safe; 5% risk of failure)
Confirm with . or Enter, or press ? or * to list all spells.
Okay, then.
You miss something. Something completely misses you.
You miss something.
You hear some strange, mumbled words.
A magic dart appears from out of thin air!
The magic dart hits you!
* * * LOW HITPOINT WARNING * * *
You hit something but do no damage. You closely miss something.
You hear some strange, mumbled words.
Something tries to affect you, but you resist.
You barely miss something. Something hits you.
* * * LOW HITPOINT WARNING * * *
You miss something.
You hear some strange, mumbled words.
A magic dart appears from out of thin air!
The magic dart hits you!
You die...

#..######........#
##############......)>.......#
.................####........#
#####.##########....#........#
#..# ####..######### ##.#
##...# #.# ###.# ######.#
###########.####
.....#.#####...{@...##....#
####.#....##.######..##...#
###....#....### ##.##...#
#.............### #......#
#..[....##..#...# ####...#
##...>).####.....# #...#
......).# ####### #...#
##......# #...# #......# #...#


There were no monsters in sight!

Vanquished Creatures
  An adder (D:2)
  2 worms (D:2)
  2 dart slugs
  2 leopard geckos
  13 orcs (D:2)
  A giant cockroach (D:1)
  6 goblins
  3 hobgoblins
  2 jackals (D:2)
  4 kobolds
  2 ball pythons (D:2)
  5 bats
  3 frilled lizards
  2 rats
48 creatures vanquished.

Notes
Turn   | Place    | Note
-------+----------+-------------------------------------------
     0 | D:1      | FrankyJ the Gargoyle Earth Elementalist began the quest for
                  | the Orb.
     0 | D:1      | Reached XP level 1. HP: 10/10 MP: 3/3
   347 | D:1      | Found a shattered altar of Ashenzari.
   486 | D:1      | Reached skill level 4 in Earth Magic
   486 | D:1      | Reached XP level 2. HP: 14/15 MP: 5/5
   642 | D:1      | Reached skill level 1 in Fighting
   833 | D:2      | Found a shimmering altar of Xom.
   851 | D:2      | Reached XP level 3. HP: 17/20 MP: 4/6
  1598 | D:2      | Reached XP level 4. HP: 18/28 MP: 5/7
  1735 | D:2      | Learned a level 2 spell: Passwall
  1739 | D:2      | Learned a level 3 spell: Stone Arrow
  2135 | D:2      | Killed from afar by an orc wizard

Vault maps used:
D:1:      tarquinn_simple_flora_water_d, nicolae_ashenzari_panopticon
D:2:      xom_teletrap_fun
D:3:      item_on_display_a

Skill      XL: |  1  2  3 |
---------------+----------+-----
Earth Magic    | 4 |  4.1
Dodging        | 2 |  2.0
Fighting       | 1 3 |  3.6
Stealth        | |  2.1
Spellcasting   | |  2.0
Transmutations | |  0.7

Action                   |  1- 3 |  4- 6 || total
-------------------------+-------+-------++-------
Melee: Unarmed           |    20 |       ||    20
       Hand axe          |    99 |       ||    99
       Trident           |    11 |    76 ||    87
 Cast: Sandblast         |    13 |     5 ||    18
       Stone Arrow       |       |     2 ||     2
  Use: Potion            |       |     2 ||     2
 Stab: Sleeping          |     1 |       ||     1
  Eat: Chunk             |     2 |     2 ||     4
Armor: Robe              |    41 |       ||    41
       Leather armour    |    21 |    48 ||    69
       Skin              |       |    10 ||    10
Dodge: Dodged            |   108 |    35 ||   143

Table legend:
 A = Non-vault XP
 B = Vault XP
 C = Vault XP percentage of total XP
 D = Non-vault monster count
 E = Vault monster count
 F = Vault count percentage of total count
                 A         B        C        D         E       F
            +---------+---------+-------+---------+---------+-------
      Total |     120 |       0 |   0.0 |      48 |       0 |   0.0
            +---------+---------+-------+---------+---------+-------
        D:1 |      27 |       0 |   0.0 |      15 |       0 |   0.0
        D:2 |      93 |       0 |   0.0 |      33 |       0 |   0.0
            +---------+---------+-------+---------+---------+-------
